[Event "Titled Tuesday Blitz July 18 Early 2023"]
[White "Mazurkiewicz, Michal"]
[Black "Liyanage, Ranindu Dilshan"]
[WhiteFideId "1124943"]
[BlackFideId "9915834"]
[WhiteElo "2428"]
[BlackElo "2703"]
[Result "0-1"]
[Round "5"]
[TimeControl "180+2"]
[Date "2023.07.18"]
[WhiteClock "0:00:02"]
[BlackClock "0:00:37"]
[Board "55"]

1. e4 c5 2. Nf3 Nc6 3. g3 d5 4. exd5 Qxd5 5. Nc3 Qd8 6. Bg2 Bf5 7. O-O h6 8. d3 e6 9. Re1 Nf6 10. Ne4 Be7 11. Qe2 Bg4 12. c3 Ne5 13. Bf4 Nxd3 14. Red1 c4 15. b3 Qb6 16. bxc4 Nxf4 17. gxf4 O-O 18. Rab1 Qc7 19. c5 Nd5 20. Qd2 Rfd8 21. Bh1 Nxf4 22. Nd6 Nh3+ 23. Kf1 Qxc5 24. Nxb7 Rxd2 25. Nxc5 Rxf2+ 26. Ke1 Bxc5 27. Nd4 Bxd1 28. Bxa8 Bg4 29. Be4 g6 30. Rb8+ Kg7 31. Rb7 Bxd4 32. cxd4 Re2+ 33. Kd1 Rxe4+ 0-1


[Site "https://www.chess.com"]

[Event "Titled Tuesday Blitz July 18 Early 2023"]
[White "Alex_Sahakyan2006"]
[Black "Bendayan Claros, Aaron"]
[BlackFideId "3803392"]
[WhiteElo "2700"]
[BlackElo "2417"]
[Result "0-1"]
[Round "5"]
[TimeControl "180+2"]
[Date "2023.07.18"]
[WhiteClock "0:00:00"]
[BlackClock "0:01:45"]
[Board "56"]

1. e4 c6 2. d4 d5 3. Nc3 dxe4 4. Nxe4 Nf6 5. Nxf6+ exf6 6. c3 Bd6 7. Bd3 O-O 8. Ne2 Re8 9. Qc2 Kh8 10. Be3 Nd7 11. O-O Nf8 12. c4 Qc7 13. h3 Be6 14. Rfe1 Rad8 15. Rad1 Ng6 16. Nc3 Qd7 17. Ne4 Bb8 18. Nc5 Qc7 19. Nxe6 Qh2+ 20. Kf1 Rxe6 21. Be4 Rde8 22. f3 Bg3 23. Bg1 Qh1 24. d5 cxd5 25. cxd5 Re5 26. d6 Bxe1 27. d7 Rd8 28. Qc8 Ba5 29. b4 Bb6 30. Rd4 Nf4 31. Qc2 Bxd4 0-1


[Site "https://www.chess.com"]

[Event "Titled Tuesday Blitz July 18 Early 2023"]
[White "Eugene, Floryan"]
[Black "Jiang, Andrew"]
[WhiteFideId "20694784"]
[BlackFideId "30953510"]
[WhiteElo "2700"]
[BlackElo "2389"]
[Result "1/2-1/2"]
[Round "5"]
[TimeControl "180+2"]
[Date "2023.07.18"]
[WhiteClock "0:00:07"]
[BlackClock "0:00:33"]
[Board "57"]

1. d4 d5 2. c4 c6 3. Nf3 Nf6 4. e3 Bf5 5. Qb3 Qc7 6. Nh4 Be4 7. Nc3 Bg6 8. Bd2 e6 9. Nxg6 hxg6 10. g3 a5 11. Bg2 a4 12. Nxa4 dxc4 13. Qc2 b5 14. Nc5 Bxc5 15. dxc5 Nbd7 16. O-O O-O 17. b4 Ne5 18. Bc3 Nd3 19. a4 bxa4 20. Bxf6 gxf6 21. Qxc4 Ne5 22. Qc2 a3 23. Qc3 a2 24. f4 Nd7 25. Rf2 Ra7 26. Rfxa2 Rb7 27. Ra6 Nb8 28. Ra8 Nd7 29. h4 Rfb8 30. g4 Kg7 31. Rxb8 Nxb8 32. g5 Nd7 33. Ra6 Qb8 34. Bxc6 Rxb4 35. Bxd7 e5 36. gxf6+ Kh7 37. Rb6 Rb1+ 38. Kh2 Rxb6 39. cxb6 exf4 40. Qc7 Qa8 41. Bc6 Qa2+ 42. Bg2 f3 43. Qg3 fxg2 44. Qxg2 Qb3 45. Qb7 Kh6 46. Qb8 Kh7 47. Qf8 Qb2+ 48. Kh3 Qxf6 49. Qc5 Qf3+ 50. Kh2 Qf2+ 51. Kh3 Qf3+ 52. Kh2 Qf2+ 53. Kh1 Qf1+ 54. Kh2 Qf2+ 1/2-1/2


[Site "https://www.chess.com"]

[Event "Titled Tuesday Blitz July 18 Early 2023"]
[White "Nouri, Alekhine"]
[Black "Glavina, Pablo"]
[WhiteFideId "5216184"]
[BlackFideId "100234"]
[WhiteElo "2692"]
[BlackElo "2384"]
[Result "0-1"]
[Round "5"]
[TimeControl "180+2"]
[Date "2023.07.18"]
[WhiteClock "0:00:00"]
[BlackClock "0:01:28"]
[Board "58"]

1. e4 c6 2. d4 d5 3. exd5 cxd5 4. Bd3 Nc6 5. c3 Qc7 6. Ne2 Bg4 7. O-O e6 8. Qe1 Nf6 9. f3 Bh5 10. Qh4 Rg8 11. Bg5 Bg6 12. Nf4 Bd6 13. Nd2 O-O-O 14. b4 Kb8 15. a4 Ne7 16. Rfc1 Nf5 17. Bxf5 Bxf5 18. c4 Bxb4 19. cxd5 Qb6 20. Ne2 Bxd2 21. Bxd2 Nxd5 22. a5 Qa6 23. Nf4 g5 24. Nxd5 gxh4 25. Bf4+ Rd6 26. Nb6 e5 27. Bxe5 Rd8 28. Nc4 f6 29. Bf4 Ka8 30. Nxd6 Rxd6 31. Rc5 Rd8 32. Rxf5 Qd3 0-1


[Site "https://www.chess.com"]

[Event "Titled Tuesday Blitz July 18 Early 2023"]
[White "Shimanov, Aleksandr"]
[Black "Belov, Alexei"]
[WhiteFideId "4198603"]
[BlackFideId "4128206"]
[WhiteElo "2991"]
[BlackElo "2623"]
[Result "1-0"]
[Round "5"]
[TimeControl "180+2"]
[Date "2023.07.18"]
[WhiteClock "0:01:35"]
[BlackClock "0:01:45"]
[Board "59"]

1. e4 e6 2. d4 d5 3. Nc3 Nf6 4. Bg5 dxe4 5. Nxe4 Be7 6. Nxf6+ Bxf6 7. Bxf6 Qxf6 8. Nf3 O-O 9. Qd3 Nd7 10. Qe3 Re8 11. O-O-O b6 12. Bb5 Re7 13. Bc6 Rb8 14. Ne5 Nf8 15. f4 Bb7 16. Qe4 Bxc6 17. Nxc6 Rbe8 18. Nxe7+ Rxe7 19. g3 Re8 20. Rhe1 Nd7 21. Qc6 Qd8 22. d5 e5 23. d6 Nb8 24. Qxc7 1-0


[Site "https://www.chess.com"]

[Event "Titled Tuesday Blitz July 18 Early 2023"]
[White "Vaibhav Jayant Raut"]
[Black "Movahed, Sina"]
[WhiteFideId "5089034"]
[BlackFideId "42520835"]
[WhiteElo "2605"]
[BlackElo "2987"]
[Result "0-1"]
[Round "5"]
[TimeControl "180+2"]
[Date "2023.07.18"]
[WhiteClock "0:00:16"]
[BlackClock "0:00:35"]
[Board "60"]

1. e4 c5 2. Nf3 d6 3. b3 Nf6 4. Nc3 g6 5. Bb2 Bg7 6. Bb5+ Bd7 7. a4 O-O 8. O-O Bg4 9. h3 Bxf3 10. Qxf3 a6 11. e5 axb5 12. exf6 Bxf6 13. Qxb7 Na6 14. Qxb5 Nb4 15. Rac1 Qb8 16. Qe2 Qb7 17. Ba1 Rfe8 18. Rfe1 d5 19. Qf3 Bg7 20. Bb2 Qc6 21. Nd1 e5 22. d3 f5 23. c3 e4 24. dxe4 fxe4 25. Qg3 Nd3 26. Re2 Nxc1 27. Bxc1 Rab8 28. Bf4 Rxb3 29. Ne3 Rxc3 30. Qh4 h5 31. g4 d4 32. Ng2 Qf6 33. Qg3 Rxg3 0-1


[Site "https://www.chess.com"]

[Event "Titled Tuesday Blitz July 18 Early 2023"]
[White "Borgaonkar Akshay"]
[Black "Ozen, Bahadir"]
[WhiteFideId "25639110"]
[BlackFideId "6337058"]
[WhiteElo "2629"]
[BlackElo "2831"]
[Result "0-1"]
[Round "5"]
[TimeControl "180+2"]
[Date "2023.07.18"]
[WhiteClock "0:00:30"]
[BlackClock "0:00:40"]
[Board "61"]

1. e4 g6 2. d4 Bg7 3. Nc3 d6 4. Be3 a6 5. f3 b5 6. a3 Nd7 7. Qd2 Bb7 8. h4 h6 9. Bd3 Ngf6 10. Nge2 e6 11. g4 Nb6 12. b3 Nfd7 13. Rd1 Qe7 14. Ng3 Rd8 15. h5 g5 16. O-O c5 17. d5 Ne5 18. Be2 Qf6 19. Nb1 Qe7 20. a4 bxa4 21. Qa5 axb3 22. Qxb6 bxc2 23. Rc1 cxb1=B 24. Rxb1 Bc8 25. Bxa6 Bxa6 26. Qxa6 O-O 27. Rb7 Qf6 28. Kg2 Ra8 29. Qxd6 Nc4 30. Qxc5 Rfc8 31. dxe6 Rxc5 32. exf7+ Qxf7 33. Rxf7 Nxe3+ 0-1


[Site "https://www.chess.com"]

[Event "Titled Tuesday Blitz July 18 Early 2023"]
[White "Kosteniuk, Alexandra"]
[Black "Petrosian, Karlen"]
[WhiteFideId "4128125"]
[BlackFideId "4176146"]
[WhiteElo "2787"]
[BlackElo "2601"]
[Result "1-0"]
[Round "5"]
[TimeControl "180+2"]
[Date "2023.07.18"]
[WhiteClock "0:00:28"]
[BlackClock "0:00:00"]
[Board "62"]

1. e4 e6 2. d4 d5 3. exd5 exd5 4. Nf3 Nc6 5. h3 Bd6 6. c4 Qe7+ 7. Be3 Nf6 8. Nc3 O-O 9. cxd5 Nb4 10. Bc4 Bf4 11. Ne5 Bxe3 12. fxe3 Nd7 13. O-O Nxe5 14. dxe5 Qxe5 15. Qd2 a5 16. Rae1 Bd7 17. Rf4 Na6 18. d6 cxd6 19. Ref1 Be6 20. Re4 Qc5 21. Bxe6 fxe6 22. Rxf8+ Rxf8 23. Rxe6 Qf5 24. Rxd6 Qf1+ 25. Kh2 Nb4 26. Rd8 h6 27. Rxf8+ Qxf8 28. a3 Nc6 29. Qd5+ Kh7 30. e4 Qf2 31. Qf5+ Qxf5 32. exf5 Nd4 33. g4 b5 34. Kg3 b4 35. axb4 axb4 36. Nd5 b3 37. Nf4 Nc6 38. Nd3 Na5 39. Kf4 Nc4 40. h4 Kg8 41. Ke4 Kf8 42. Kd4 Nd2 43. Ne5 Ke7 44. g5 hxg5 45. hxg5 Kf8 46. Kd3 Nf1 47. Nc4 Ng3 48. Ne3 Ke7 49. Kd4 Kd6 50. Nc4+ Ke7 51. Ke5 Kf7 52. Nd2 Ne2 53. Nxb3 Ng1 54. Nd4 1-0


[Site "https://www.chess.com"]

[Event "Titled Tuesday Blitz July 18 Early 2023"]
[White "Ahmad, Khagan"]
[Black "Volovich, Vasily"]
[WhiteFideId "13431552"]
[BlackFideId "34169676"]
[WhiteElo "2598"]
[BlackElo "2758"]
[Result "1-0"]
[Round "5"]
[TimeControl "180+2"]
[Date "2023.07.18"]
[WhiteClock "0:00:05"]
[BlackClock "0:00:01"]
[Board "63"]

1. e4 e6 2. d4 d5 3. Nd2 c5 4. exd5 Qxd5 5. Ngf3 cxd4 6. Bc4 Qd6 7. O-O Nf6 8. Nb3 Nc6 9. Nbxd4 Nxd4 10. Nxd4 a6 11. Bb3 Qc7 12. Re1 Bd7 13. Qf3 Bd6 14. Nf5 Bxh2+ 15. Kh1 O-O-O 16. Nxg7 Be5 17. Bg5 Bc6 18. Qe2 Bxb2 19. Rab1 Bc3 20. Red1 Qe5 21. Qxe5 Bxe5 22. f4 Bc3 23. Rxd8+ Rxd8 24. f5 exf5 25. Bxf7 Kb8 26. Nxf5 Rf8 27. Bc4 Ne4 28. Ne7 Kc7 29. Nxc6 Nxg5 30. Ne7 Ne4 31. Nd5+ Kc6 32. Nxc3 Nxc3 33. Re1 b5 34. Bb3 Rf6 35. a3 Kc5 36. Re3 b4 37. axb4+ Kxb4 38. Rh3 a5 39. Rxh7 a4 40. Rb7+ Ka3 41. Bg8 Rf2 42. g4 Rxc2 43. g5 Re2 44. g6 Re5 45. g7 Rg5 46. Bc4 Ne4 47. g8=Q Rxg8 48. Bxg8 Nd2 49. Kg2 Nb3 50. Kf2 Nc5 51. Rb8 Nd7 52. Rb5 Nf6 53. Be6 Ne4+ 54. Ke3 Nc3 55. Rh5 Kb2 56. Kd3 a3 57. Rh2+ Kb1 58. Kxc3 Ka1 59. Rh1# 1-0


[Site "https://www.chess.com"]

[Event "Titled Tuesday Blitz July 18 Early 2023"]
[White "Przybylski, Wojciech"]
[Black "Remizov, Yaroslav"]
[WhiteFideId "1117599"]
[BlackFideId "34134015"]
[WhiteElo "2593"]
[BlackElo "2757"]
[Result "0-1"]
[Round "5"]
[TimeControl "180+2"]
[Date "2023.07.18"]
[WhiteClock "0:00:04"]
[BlackClock "0:00:15"]
[Board "64"]

1. d4 Nf6 2. c4 c5 3. Nf3 cxd4 4. Nxd4 e5 5. Nb3 d5 6. cxd5 Qxd5 7. Qc2 Nc6 8. Nc3 Nb4 9. Qb1 Qd8 10. a3 Nbd5 11. Bd2 Be7 12. e4 Nxc3 13. Bxc3 Be6 14. Bb5+ Kf8 15. Nd2 Qb6 16. Be2 Nd7 17. O-O f6 18. b4 Kf7 19. Qb2 Rac8 20. Rac1 Rhd8 21. Kh1 Kg8 22. h3 Nb8 23. b5 Nd7 24. Nb3 Bxb3 25. Qxb3+ Kf8 26. f4 exf4 27. Bg4 Nc5 28. Qb1 Rc7 29. e5 Nd3 30. exf6 Bxf6 31. Bxf6 Rxc1 32. Rxc1 Qxf6 33. Rf1 Qd4 34. Be2 Nf2+ 35. Kh2 Qe3 36. Bf3 Nd3 37. Qb3 g6 38. Qc4 Qd4 39. Qc7 Rd7 40. Qb8+ Kg7 41. Bxb7 Qb6 42. Qe8 Qxb7 43. a4 Qd5 44. Rf3 Rf7 45. Qb8 Ne5 46. Rf2 f3 47. gxf3 Nxf3+ 48. Kg3 Qg5# 0-1


[Site "https://www.chess.com"]

[Event "Titled Tuesday Blitz July 18 Early 2023"]
[White "Becerra, Juan David"]
[Black "Weetik, Vjacheslav"]
[WhiteFideId "4404998"]
[BlackFideId "4153472"]
[WhiteElo "2568"]
[BlackElo "2749"]
[Result "0-1"]
[Round "5"]
[TimeControl "180+2"]
[Date "2023.07.18"]
[WhiteClock "0:00:00"]
[BlackClock "0:00:10"]
[Board "65"]

1. e4 c6 2. c4 e5 3. Nc3 d6 4. Nge2 c5 5. Nd5 Nc6 6. Nec3 Nd4 7. Nb5 Nxb5 8. cxb5 Nf6 9. Nxf6+ Qxf6 10. Bc4 Qg6 11. O-O Qxe4 12. d3 Qg6 13. f4 Be7 14. fxe5 O-O 15. Bf4 dxe5 16. Bxe5 Be6 17. Qf3 b6 18. Rae1 Bh4 19. g3 Rae8 20. Bf4 Bf6 21. Kg2 Bxb2 22. Bd6 Bxc4 23. Bxf8 Bxb5 24. Rxe8 Bxe8 25. Qf2 Bd4 26. Qf5 Qxf5 27. Rxf5 Kxf8 0-1


[Site "https://www.chess.com"]

[Event "Titled Tuesday Blitz July 18 Early 2023"]
[White "Kashlinskaya, Alina"]
[Black "Xu, Yi"]
[WhiteFideId "4198026"]
[BlackFideId "8605564"]
[WhiteElo "2580"]
[BlackElo "2734"]
[Result "0-1"]
[Round "5"]
[TimeControl "180+2"]
[Date "2023.07.18"]
[WhiteClock "0:02:07"]
[BlackClock "0:02:26"]
[Board "66"]

1. d4 Nf6 2. c4 e6 3. Nc3 Bb4 4. a3 Bxc3+ 5. bxc3 O-O 6. e3 b6 7. Bd3 Bb7 8. f3 d6 9. e4 e5 10. Ne2 Nc6 11. Bg5 h6 12. Be3 Na5 13. Ng3 c5 14. d5 Bc8 15. Qd2 Nb3 16. Qb2 Nxa1 17. Qxa1 Nh7 18. h4 Qe7 19. Qc1 Bd7 20. Nh5 f5 21. Qc2 f4 22. Bf2 g6 0-1


[Site "https://www.chess.com"]

[Event "Titled Tuesday Blitz July 18 Early 2023"]
[White "Ashraf, Artin"]
[Black "Moskvin, Anatoly"]
[WhiteFideId "22514805"]
[BlackFideId "24199990"]
[WhiteElo "2728"]
[BlackElo "2559"]
[Result "1-0"]
[Round "5"]
[TimeControl "180+2"]
[Date "2023.07.18"]
[WhiteClock "0:01:05"]
[BlackClock "0:00:06"]
[Board "67"]

1. Nf3 g6 2. d4 Bg7 3. c4 c6 4. Nc3 d5 5. e3 Nf6 6. Qb3 O-O 7. Bd2 dxc4 8. Bxc4 b5 9. Be2 Be6 10. Qc2 Na6 11. O-O Nb4 12. Qb1 a5 13. Rc1 Qb6 14. a3 Nbd5 15. Bd3 Rfc8 16. Nxd5 cxd5 17. Ng5 Bd7 18. b4 Rxc1+ 19. Qxc1 Rc8 20. Qb2 a4 21. Rc1 h6 22. Nf3 Ne4 23. Ne5 Bxe5 24. dxe5 Rxc1+ 25. Bxc1 Qc6 26. f3 Ng5 27. Qd2 Bf5 28. Bf1 Ne6 29. Bb2 Bc2 30. Bxb5 Qxb5 31. Qxc2 h5 32. Kf2 Qb6 33. Qc8+ Kg7 34. Qd7 Qc7 35. Qxc7 Nxc7 36. e4 dxe4 37. fxe4 Kf8 38. Ke3 Ke8 39. Kd4 Ne6+ 40. Kc4 Nf4 41. g3 Ne2 42. Kb5 g5 43. Kxa4 h4 44. gxh4 gxh4 45. b5 h3 46. Kb4 Kd7 47. a4 Ng3 48. a5 Nf1 49. a6 Nxh2 50. a7 Ng4 51. a8=Q h2 52. Qc6+ Kd8 53. Bd4 h1=Q 54. Bb6# 1-0


[Site "https://www.chess.com"]

[Event "Titled Tuesday Blitz July 18 Early 2023"]
[White "Stoyanov, Tsvetan"]
[Black "Der_Balak_3Halak"]
[WhiteFideId "2917173"]
[WhiteElo "2718"]
[BlackElo "2532"]
[Result "1-0"]
[Round "5"]
[TimeControl "180+2"]
[Date "2023.07.18"]
[WhiteClock "0:01:59"]
[BlackClock "0:01:17"]
[Board "69"]

1. b3 d6 2. Bb2 e5 3. Nf3 g6 4. d4 f6 5. dxe5 Bg7 6. exd6 cxd6 7. e4 Ne7 8. Bc4 a6 9. a4 Nbc6 10. O-O Ne5 11. Nxe5 fxe5 12. Nc3 Rb8 13. Ba3 b5 14. axb5 axb5 15. Nxb5 d5 16. Nd6+ Kf8 17. Qf3+ Bf5 18. exf5 e4 19. Qf4 g5 20. Qxg5 h6 21. Qh5 Bxa1 22. Qf7# 1-0


[Site "https://www.chess.com"]

[Event "Titled Tuesday Blitz July 18 Early 2023"]
[White "Mortazavi, Ali"]
[Black "Dimitrov, Atanas"]
[WhiteFideId "401323"]
[BlackFideId "2901315"]
[WhiteElo "2526"]
[BlackElo "2683"]
[Result "0-1"]
[Round "5"]
[TimeControl "180+2"]
[Date "2023.07.18"]
[WhiteClock "0:00:00"]
[BlackClock "0:00:27"]
[Board "70"]

1. Nf3 d5 2. g3 Nf6 3. Bg2 g6 4. O-O c5 5. d3 Bg7 6. Nbd2 Nc6 7. e3 O-O 8. e4 e5 9. c3 d4 10. cxd4 cxd4 11. Nc4 Nd7 12. Nd6 Qe7 13. Nxc8 Raxc8 14. Bd2 Nc5 15. Ne1 Qc7 16. b4 Ne6 17. Qb3 a5 18. a3 axb4 19. axb4 Qb6 20. f4 exf4 21. gxf4 Nc7 22. e5 Nb5 23. Kh1 Nc3 24. Bxc3 dxc3 25. Qxc3 Nxe5 26. Qd2 Ng4 27. Rb1 Ne3 28. Rf3 Rfe8 29. f5 Nxf5 30. Rh3 Ne3 31. Be4 Ng4 32. Rf3 Ne5 33. Rf1 Rcd8 34. Qg2 Re7 35. Nf3 Nxf3 36. Rxf3 f5 37. Qa2+ Kh8 38. Bd5 Qd6 39. Bc4 Qc6 40. Qg2 b5 41. Ba2 Rde8 42. Rbf1 Re2 43. R3f2 Qxg2+ 44. Kxg2 R2e3 45. Rf3 Bd4 46. Rxe3 Rxe3 47. Bb1 Kg7 48. Rf2 Re1 49. Ra2 Rxb1 0-1


[Site "https://www.chess.com"]

[Event "Titled Tuesday Blitz July 18 Early 2023"]
[White "Aldokhin, Ivan"]
[Black "Cheer_Down"]
[WhiteFideId "24115720"]
[WhiteElo "2659"]
[BlackElo "2461"]
[Result "1-0"]
[Round "5"]
[TimeControl "180+2"]
[Date "2023.07.18"]
[WhiteClock "0:00:04"]
[BlackClock "0:00:00"]
[Board "71"]

1. e4 c5 2. Nf3 d6 3. d4 cxd4 4. Nxd4 Nf6 5. Nc3 a6 6. Bc4 e6 7. Bb3 b5 8. f3 Be7 9. Be3 O-O 10. Qd2 Bd7 11. g4 Nc6 12. g5 Nh5 13. h4 Nxd4 14. Bxd4 Qc7 15. O-O-O a5 16. a3 b4 17. axb4 axb4 18. Na2 Rfc8 19. Kb1 Ba4 20. Nc1 Bxb3 21. Nxb3 Qc4 22. Qd3 Nf4 23. Qxc4 Rxc4 24. Be3 Nh5 25. Rd4 Rac8 26. Rxc4 Rxc4 27. Na5 Rc8 28. Rd1 h6 29. gxh6 g6 30. b3 Rc3 31. Rd3 Rxd3 32. cxd3 Bxh4 33. Nc6 Be1 34. Kc2 f6 35. Nd8 g5 36. Nxe6 Kh7 37. Nd4 Ng3 38. Bd2 Bf2 39. Nc6 Kxh6 40. Bxb4 Ne2 41. Bxd6 Kh5 42. b4 Ng1 43. d4 Nxf3 44. Kd3 g4 45. b5 g3 46. Bxg3 Bxg3 47. b6 Bd6 48. b7 Kg4 49. Kc4 Kf4 50. Kd5 Bc7 51. Ne7 Ng5 52. Ng6+ Kf3 53. e5 fxe5 54. dxe5 Bb8 55. e6 Nxe6 56. Kxe6 Ke4 57. Ne7 1-0


[Site "https://www.chess.com"]

[Event "Titled Tuesday Blitz July 18 Early 2023"]
[White "Herzog2012"]
[Black "Spata, German"]
[BlackFideId "113026"]
[WhiteElo "2432"]
[BlackElo "2653"]
[Result "0-1"]
[Round "5"]
[TimeControl "180+2"]
[Date "2023.07.18"]
[WhiteClock "0:00:08"]
[BlackClock "0:00:08"]
[Board "72"]

1. e4 e6 2. Nf3 d5 3. e5 a5 4. d4 c5 5. c3 Nc6 6. Bd3 Qb6 7. O-O Bd7 8. Bc2 Rc8 9. a3 Nh6 10. Bxh6 gxh6 11. Ra2 Bg7 12. Qd3 Ne7 13. Re1 Bb5 14. Qd2 Bc4 15. b3 Bxb3 16. Bxb3 Qxb3 17. Rb2 Qc4 18. Rxb7 Ng6 19. Qe3 cxd4 20. cxd4 O-O 21. Nbd2 Qc3 22. Nb3 Qxe3 23. fxe3 Rc3 24. a4 Ra8 25. Rb5 Rc4 26. Rxa5 Rxa5 27. Nxa5 Rxa4 28. Nb3 Ra3 29. Nbd2 Bf8 30. e4 Bb4 31. Rb1 Bxd2 32. Nxd2 Rd3 33. Rb2 Rxd4 34. exd5 Rxd5 35. Rb8+ Kg7 36. Ne4 Nxe5 37. Rb7 Ng4 38. Kf1 Nf6 39. Nf2 Rd7 40. Rb1 Rc7 41. h3 Nd5 42. Re1 Rc2 43. Re4 Rc1+ 44. Re1 Ne3+ 45. Ke2 Rxe1+ 46. Kxe1 Nxg2+ 47. Ke2 Nf4+ 48. Kf3 Ng6 49. Nd3 Kf6 50. Ke4 h5 51. Nf2 Ne7 52. Nd3 Nc6 53. Nf4 Kg5 54. Ng2 f5+ 55. Kf3 Ne5+ 56. Kg3 Ng6 57. h4+ Kf6 58. Kf3 e5 59. Ke3 Ke6 60. Kd3 e4+ 61. Ke3 Ke5 62. Ke2 f4 63. Kf2 Kf5 64. Ne1 Nxh4 65. Nc2 Ng6 66. Nd4+ Kg4 67. Nc6 e3+ 68. Ke2 h4 69. Nd4 h3 70. Nf3 Nh4 71. Nh2+ Kg3 72. Nf1+ Kg2 73. Ke1 h2 74. Nxh2 Kxh2 75. Ke2 Kg2 76. Kd3 Kf2 77. Ke4 f3 78. Kf4 Nf5 79. Kg4 e2 80. Kh5 e1=Q 81. Kg5 Qg1+ 82. Kf6 Qg6+ 83. Ke5 Ng3 84. Kf4 Qf5# 0-1


[Site "https://www.chess.com"]

[Event "Titled Tuesday Blitz July 18 Early 2023"]
[White "favesaul"]
[Black "Goryachkina, Aleksandra"]
[BlackFideId "4147103"]
[WhiteElo "2425"]
[BlackElo "2652"]
[Result "1-0"]
[Round "5"]
[TimeControl "180+2"]
[Date "2023.07.18"]
[WhiteClock "0:00:02"]
[BlackClock "0:00:00"]
[Board "73"]

1. e4 c5 2. Nf3 Nc6 3. Nc3 Nf6 4. Bb5 g6 5. e5 Nh5 6. O-O Bg7 7. Bxc6 dxc6 8. d3 O-O 9. h3 Bh8 10. Re1 b6 11. a4 Ng7 12. a5 Bd7 13. Ne4 Ne6 14. c3 Bg7 15. Be3 Qc7 16. d4 cxd4 17. cxd4 Rfd8 18. Rc1 Qb7 19. axb6 axb6 20. Qb3 h6 21. Re2 Ra5 22. Rd2 Be8 23. Nc3 Nc7 24. Na4 Nd5 25. Rdc2 Rda8 26. Nc5 Qa7 27. Nd3 Bd7 28. Nb4 Rb5 29. Bd2 Nxb4 30. Bxb4 Be6 31. Qc3 Bd5 32. Nd2 Qd7 33. Ba3 Rba5 34. Qe3 Qf5 35. Rc3 R5a7 36. Re1 Kh7 37. Ne4 Qd7 38. Ng3 Ra4 39. Rd1 b5 40. Bc5 b4 41. Rcc1 b3 42. Ne2 Be6 43. Nf4 Ra2 44. Ba3 Bd5 45. Nxd5 Qxd5 46. Rc5 Qd7 47. Qxb3 R2xa3 48. bxa3 e6 49. Qc3 Bf8 50. Rxc6 Rxa3 51. Qc4 Qb7 52. Rc7 1-0


[Site "https://www.chess.com"]

[Event "Titled Tuesday Blitz July 18 Early 2023"]
[White "Dwilewicz, Katarzyna"]
[Black "Iskusnyh, Sergei"]
[WhiteFideId "1148486"]
[BlackFideId "4120027"]
[WhiteElo "2337"]
[BlackElo "2651"]
[Result "0-1"]
[Round "5"]
[TimeControl "180+2"]
[Date "2023.07.18"]
[WhiteClock "0:00:00"]
[BlackClock "0:00:08"]
[Board "74"]

1. e4 e6 2. d4 d5 3. Nd2 c5 4. Ngf3 cxd4 5. Nxd4 Nc6 6. Bb5 Bd7 7. Nxc6 bxc6 8. Bd3 Bd6 9. Qe2 Ne7 10. Nf3 Qb8 11. O-O Ng6 12. c4 dxc4 13. Bxc4 O-O 14. g3 Ne5 15. Nxe5 Bxe5 16. Rd1 Rd8 17. Rb1 Be8 18. b3 c5 19. Bb2 Bd4 20. Bxd4 cxd4 21. Rd2 e5 22. Rf1 Qb6 23. Kg2 Kh8 24. f4 exf4 25. Rxf4 f6 26. Rh4 Rac8 27. Qg4 Qa5 28. Rf2 Qg5 29. Qe6 Bg6 30. Rhf4 Qe5 31. h4 Re8 32. Qxe5 fxe5 33. Rg4 Bh5 34. Rg5 Bd1 35. Rd2 h6 36. Rf5 Bg4 37. Rf1 Bh5 38. Rff2 Bg6 39. Rfe2 Rf8 40. Bd5 Rc3 41. Rf2 Rfc8 42. Rfe2 Bh5 43. Rf2 a5 44. Rf1 Re3 45. Rff2 g5 46. Rc2 Rxc2 47. Rxc2 Bf3+ 48. Kf2 g4 49. Rc8+ Kg7 50. Rc7+ Kf8 51. Rf7+ Ke8 52. Rh7 Re2+ 53. Kf1 d3 54. Rxh6 d2 55. Re6+ Kf8 56. Rf6+ Kg7 57. Rf7+ Kg6 58. h5+ Kxh5 59. Rh7+ Kg6 0-1


[Site "https://www.chess.com"]

[Event "Titled Tuesday Blitz July 18 Early 2023"]
[White "Zaim, Marian"]
[Black "Kuzhilniy, Oleksandr"]
[WhiteFideId "1204114"]
[BlackFideId "34110500"]
[WhiteElo "2319"]
[BlackElo "2631"]
[Result "0-1"]
[Round "5"]
[TimeControl "180+2"]
[Date "2023.07.18"]
[WhiteClock "0:00:48"]
[BlackClock "0:00:47"]
[Board "75"]

1. d4 Nf6 2. c4 e5 3. dxe5 Ng4 4. g3 Nxe5 5. Bg2 Nxc4 6. Nf3 d5 7. O-O Be7 8. b3 Nb6 9. Bb2 O-O 10. Nc3 Bf6 11. Qd2 c6 12. Rae1 Bf5 13. Nd4 Bg6 14. h4 N8d7 15. e4 dxe4 16. Nxe4 Bxe4 17. Bxe4 Nc5 18. Bg2 Qd7 19. Rd1 Rad8 20. Qa5 Ne6 21. Nxe6 Qxe6 22. Bxf6 Qxf6 23. Qxa7 Nd7 24. Qxb7 Ne5 25. Kh1 Rxd1 26. Rxd1 Qxf2 27. Bxc6 Qxg3 28. Bg2 Ng4 29. Kg1 Qf2+ 30. Kh1 Qxh4+ 31. Kg1 Qh2+ 32. Kf1 Ne3+ 33. Ke2 Nxg2 0-1


[Site "https://www.chess.com"]

[Event "Titled Tuesday Blitz July 18 Early 2023"]
[White "demon64fields"]
[Black "Shapiro, Daniel"]
[BlackFideId "2001780"]
[WhiteElo "2884"]
[BlackElo "2334"]
[Result "1-0"]
[Round "5"]
[TimeControl "180+2"]
[Date "2023.07.18"]
[WhiteClock "0:01:22"]
[BlackClock "0:00:00"]
[Board "76"]

1. a3 c5 2. b4 b6 3. Bb2 Nf6 4. Nf3 Bb7 5. e3 e6 6. b5 Be7 7. Be2 O-O 8. d3 d6 9. Nbd2 Nbd7 10. a4 a5 11. g4 Nxg4 12. Rg1 Ngf6 13. Ne4 e5 14. Ng3 Re8 15. c4 Bf8 16. Qc2 d5 17. O-O-O d4 18. e4 g6 19. h4 Bh6+ 20. Kb1 Bf4 21. h5 Kf8 22. hxg6 hxg6 23. Bc1 Bxc1 24. Qxc1 Ke7 25. Qg5 Kd6 26. Rh1 Rh8 27. Kc2 Qe7 28. Rh4 Rxh4 29. Nxh4 Kc7 30. f4 exf4 31. Qxf4+ Qe5 32. Qxe5+ Nxe5 33. Rf1 Nfd7 34. Nf3 Rh8 35. Ng5 f6 36. Nf3 Kd6 37. Nxe5 Kxe5 38. Bg4 Nf8 39. Ne2 Ne6 40. Bxe6 Kxe6 41. Nf4+ Kf7 42. Nd5 Bxd5 43. cxd5 Rh2+ 44. Kb3 Rd2 45. Rf3 Ke7 46. d6+ Kxd6 47. Rxf6+ Kc7 48. Kc4 Ra2 49. Rc6+ Kb7 50. Rxg6 Rxa4+ 51. Kd5 Ra3 52. Rg7+ Kc8 53. Kc6 Kd8 54. Rg8+ Ke7 55. Kxb6 Rxd3 56. Kxc5 Rb3 57. Ra8 d3 58. Rxa5 d2 59. Ra1 Rb2 60. Kc6 1-0


[Site "https://www.chess.com"]

[Event "Titled Tuesday Blitz July 18 Early 2023"]
[White "Rasulov, Vugar"]
[Black "Estrada Nieto, Julian"]
[WhiteFideId "13402390"]
[BlackFideId "5101018"]
[WhiteElo "2870"]
[BlackElo "2512"]
[Result "1/2-1/2"]
[Round "5"]
[TimeControl "180+2"]
[Date "2023.07.18"]
[WhiteClock "0:00:59"]
[BlackClock "0:00:05"]
[Board "77"]

1. d4 d5 2. c4 dxc4 3. Nc3 a6 4. a4 Nc6 5. Nf3 Nf6 6. e4 Bg4 7. Be3 e6 8. Bxc4 Bb4 9. e5 Nd5 10. Bxd5 Qxd5 11. O-O Bxc3 12. bxc3 Bxf3 13. Qxf3 Qxf3 14. gxf3 O-O-O 15. f4 Na5 16. Kg2 Nc4 17. Kf3 f5 18. exf6 gxf6 19. Ke4 Rd5 20. Rg1 Rh5 21. Rg2 Rd8 22. Kd3 Nd6 23. Rag1 Nf5 24. Ke4 Rh3 25. Rg8 Rxh2 26. d5 Rxg8 27. Rxg8+ Kd7 28. Bc5 Rh1 29. dxe6+ Kxe6 30. Re8+ Kd7 31. Rf8 Ke6 32. Re8+ Kd7 33. Rb8 Nd6+ 34. Bxd6 Kxd6 35. Rxb7 Rc1 36. Ra7 Rxc3 37. Rxa6+ c6 38. Ra7 Rc4+ 39. Kf5 Rc2 40. Kxf6 Rxf2 41. f5 h5 42. Kg6 h4 43. Rh7 Rf4 44. Kg5 Rxa4 45. f6 Ra1 46. Rxh4 Rg1+ 47. Kf5 Rf1+ 48. Kg6 Rg1+ 49. Kf7 c5 50. Kf8 Rf1 51. f7 Kd5 52. Ke7 Rxf7+ 53. Kxf7 c4 54. Rh5+ Kd4 55. Ke6 c3 56. Rh4+ Kd3 57. Kd5 c2 58. Rh3+ Kd2 59. Rh2+ Kd1 60. Rh1+ Kd2 61. Kd4 c1=Q 62. Rh2+ Kd1 63. Rh1+ Kc2 64. Rxc1+ Kxc1 1/2-1/2


[Site "https://www.chess.com"]